AoeStats
← THL

Arabia

506573075Analyzed
1v1 RM · 19d ago on Sep 14, 2026· 54m 32s· 2 players
Game mode
Random Map
Map size
Tiny (2 player)
Population
200
Speed
Normal
Resources
Standard
Victory
Conquest
Starting age
Dark Age
Ending age
Imperial Age
RankedLock teamsTeams togetherTeam positionsShared explorationLock speedFull tech treeHidden civsTurbo modeCheats
Victory
Defeat
🇦🇷 Koreans · Argentina
1880
+11
🇻🇳 Tatars · Vietnam
1770
-11
THL
5:58 Loom
8:52 Feudal Age
10:10 Double-Bit Axe
15:06 Fletching
16:13 Padded Archer Armor
20:08 Castle Age
20:29 Bloodlines
21:57 Bow Saw
22:38 Gold Mining
24:21 Bodkin Arrow
24:10 Horse Collar
28:08 Ballistics
30:21 Husbandry
36:57 Imperial Age
35:41 Elite Skirmisher
38:35 Wheelbarrow
38:41 Bracer
39:31 Leather Archer Armor
41:04 Chemistry
41:49 Ring Archer Armor
46:50 Scale Barding Armor
48:04 Conscription
50:38 Chain Barding Armor
50:54 Light Cavalry
ddx
6:37 Loom
8:55 Feudal Age
9:52 Double-Bit Axe
9:48 Horse Collar
17:53 Castle Age
16:31 Fletching
16:41 Gold Mining
18:08 Elite Skirmisher
19:20 Bow Saw
20:54 Bodkin Arrow
22:02 Wheelbarrow
21:52 Squires
21:53 Scale Mail Armor
27:15 Chain Mail Armor
28:04 Ballistics
29:59 Squires
30:57 Sanctity
31:28 Hand Cart
34:43 Imperial Age
33:12 Eupseong
34:04 Forging
35:27 Bracer
37:23 Chemistry
37:36 Conscription
40:54 Plate Mail Armor
40:59 Iron Casting
40:48 Siege Engineers
40:54 Masonry
43:09 Elite Fire Lancer
44:18 Block Printing
46:34 Town Watch
48:15 Two-Man Saw
47:16 Heavy Plow
47:52 Gold Shaft Mining
47:11 Stone Mining
49:43 Arson
50:08 Scale Barding Armor
52:06 Architecture
51:17 Treadmill Crane
54:00 Fervor
55:19 Chain Barding Armor
54:57 Murder Holes
Connection lost

Rejoining the realm…

Still unreachable

The connection could not be restored.

Session expired

The server has moved on; the page needs a fresh start.